 Dungeon Crawl Stone Soup version 0.18.1-50-g88ac8fd (webtiles) character file.

41950 magog001 the Peltast (level 14, 0/88 HPs)
             Began as a Gargoyle Fighter on Dec 20, 2018.
             Was a High Priest of Nemelex Xobeh.
             Slain by a death yak (12 damage)
             ... on level 8 of the Lair of Beasts.
             The game lasted 01:31:16 (16266 turns).

magog001 the Peltast (Gargoyle Fighter)            Turns: 16266, Time: 01:31:17

Health: 0/88       AC: 36    Str: 26    XL:     14   Next: 17%
Magic:  14/14      EV:  7    Int: 10    God:    Nemelex Xobeh [*****.]
Gold:   1263       SH: 23    Dex: 11    Spells: 0 memorised, 13 levels left

rFire  . . .     SeeInvis .     a - +4 flail
rCold  + + .     Gourm    .     O - +7 plate armour of Toajaroa {+Fly rC+ Str+2}
rNeg   + . .     Faith    .     J - +2 shield {rC+}
rPois  ∞         Spirit   .     U - +2 helmet
rElec  +         Dismiss  .     E - +0 cloak
rCorr  +         Reflect  +     (no gloves)
SustAt .         Harm     .     (no boots)
MR     +....                    A - +6 amulet of reflection
Stlth  ..........               i - +2 ring of slaying
                                W - ring of resist corrosion

@: exhausted, slowed, very slow, somewhat resistant to hostile enchantments,
extremely unstealthy
A: big wings, hooves 1, agile 1, mutation resistance 1, negative energy
resistance 1, regeneration 1, screaming 1, electricity resistance, unbreathing,
petrification resistance, rot immunity, MP-powered wands, AC +9
a: Fly, Triple Draw, Deal Four, Stack Five, Renounce Religion, Evoke Flight


You were on level 8 of the Lair of Beasts.
You worshipped Nemelex Xobeh.
Nemelex Xobeh was extremely pleased with you.
You were not hungry.

You visited 3 branches of the dungeon, and saw 18 of its levels.

You collected 1263 gold pieces.

Inventory:

Hand Weapons
 a - a +4 flail (weapon)
 j - a +1 hunting sling of freezing
Missiles
 q - 99 sling bullets
 I - 2 tomahawks of returning (quivered)
Armour
 E - a +0 cloak (worn)
 J - a +2 shield of cold resistance (worn)
 O - the +7 plate armour of Toajaroa (worn) {+Fly rC+ Str+2}
   (You found it on level 9 of the Dungeon)

   It affects your strength (+2).
   It protects you from cold.
   It lets you fly.
 U - a +2 helmet (worn)
Jewellery
 i - a +2 ring of slaying (right hand)
 A - a +6 amulet of reflection (around neck)
 W - a ring of resist corrosion (left hand)
Wands
 b - a wand of iceblast (7/15)
 c - a wand of acid (4/15)
 d - a wand of digging (5/24)
 p - a wand of iceblast (5/15)
 w - a wand of disintegration (3/24)
 D - a wand of iceblast (7/15)
 L - a wand of slowing (17/48)
 P - a wand of flame (24/48)
 V - a wand of lightning (5/15)
 Y - a wand of disintegration (9/24)
Scrolls
 e - a scroll of identify
 m - 4 scrolls of magic mapping
 n - 5 scrolls of remove curse
 t - 4 scrolls of fear
 x - 5 scrolls of teleportation
 N - 3 scrolls of fog
Potions
 g - a potion of cancellation {unknown}
 h - 3 potions of flight
 o - 3 potions of agility
 s - 5 potions of brilliance
 B - a potion of berserk rage
 G - 2 potions of might
 X - a potion of ambrosia {unknown}
Miscellaneous
 k - an ornate deck of destruction
 l - an ornate deck of destruction
 u - a plain deck of changes
 v - a plain deck of war
 y - a plain deck of war
 C - an ornate deck of war
 H - an ornate deck of escape
 K - a plain deck of destruction
 M - a phantom mirror
 R - a plain deck of changes {drawn: 1}
 S - a plain deck of escape
 Z - a plain deck of war
Comestibles
 f - 9 bread rations
 T - 20 fruits


   Skills:
 * Level 10.2 Fighting
 * Level 11.2 Maces & Flails
 * Level 9.9 Armour
 * Level 9.4 Stealth
 * Level 16.8 Shields
 + Level 1.2 Evocations


You had 13 spell levels left.
You didn't know any spells.

Dungeon Overview and Level Annotations

Branches:
Dungeon (9/15)             Temple (1/1) D:6            Lair (8/8) D:9
 Shoals (0/4) Lair:6        Snake (0/4) Lair:5        Slime (0/6) Lair:6
    Orc: D:9-12

Altars:
Ashenzari
Cheibriados
Dithmenos
Elyvilon
Fedhas
Gozag
Kikubaaqudgha
Makhleb
Nemelex Xobeh
Okawaru
Pakellas
Qazlal
Ru
Sif Muna
Trog
Vehumet
Xom
Yredelemnul
Zin
The Shining One


Innate Abilities, Weirdness & Mutations

You are resistant to torment.
Your stone body is resilient (AC +9).
You are immune to poison.
Your large and strong wings let you fly indefinitely.
You resist negative energy.
You are resistant to electric shocks.
You can survive without breathing.
You are immune to petrification.
You are immune to rotting.
You have large cloven feet.
You are agile. (Dex +2)
You are somewhat resistant to further mutation.
Your natural rate of healing is unusually fast.
You occasionally shout uncontrollably at your foes.
You expend magic power (3 MP) to strengthen your wands.


Message History

The death yak gores you. The death yak gores you!
* * * LOW HITPOINT WARNING * * *
You sock the death yak!
You kick the death yak, but do no damage.
The death yak is heavily wounded.
The death yak gores you but does no damage.
The death yak gores you!
* * * LOW HITPOINT WARNING * * *
You sock the death yak! You kick the death yak.
The death yak is heavily wounded.
You block the death yak's attack. The death yak gores you!
* * * LOW HITPOINT WARNING * * *
The death yak gores you but does no damage.
You block the death yak's attack.
You sock the death yak!
You kick the death yak, but do no damage.
The death yak is severely wounded.
The death yak gores you!
You die...
Your body glows slightly and disappears.

##...................
##..................#
#...P................
#...#.#..............
##...##P..PP......... #.
##.P.##..PPP......... ...
##...###.#.PP.PP.P..P.
....#....Y####.......PPPP.
.........@.# ##.#......PPP
.........Y## #..........P
S..###...## #.$......P..
... #$...# .P...PPP ≈.
#...#..# ≈..P......#
..........# P.........#
P..#...P...


You could see 2 death yaks.

Vanquished Creatures
  The ghost of pedritolo the Prestidigitator, a journeyman VSCK of Xom (Lair:8)
  A dire elephant (Lair:7)
  2 hydras
  A catoblepas (Lair:7)
  6 death yaks
  The ghost of magog001 the Blocker, a novice GrFi of Nemelex Xobeh (D:8)
  Pikel (D:8)
  An oklob plant (Lair:7)
  A griffon (Lair:3)
  3 sirens (Lair:6)
  3 elephants (Lair:8)
  4 black mambas
  8 spiny frogs
  9 komodo dragons
  A rime drake (Lair:5)
  3 trolls
  A merfolk (Lair:6)
  27 blink frogs
  36 yaks
  A spriggan (D:9)
  7 hippogriffs
  2 humans (D:9)
  2 basilisks
  A steam dragon (D:9)
  3 nagas (Lair:5)
  16 water moccasins
  10 porcupines
  A sky beast (D:7)
  A phantom (D:8)
  4 orc warriors
  18 wolves
  A black bear (D:9)
  An eye of draining (D:8)
  12 ogres
  3 centaurs
  15 crocodiles
  14 giant frogs
  4 killer bees (D:9)
  4 wights (D:8)
  8 howler monkeys
  3 electric eels (Lair:7)
  3 crimson imps
  3 quasits
  4 jellies
  2 hounds
  A giant frog skeleton (D:7)
  4 gnoll shamans
  6 orc priests
  A centaur skeleton (D:5)
  7 orc wizards
  Ijyb (D:3)
  11 iguanas
  6 worker ants
  A killer bee zombie (D:8)
  15 sheep
  A hound skeleton (D:9)
  A worker ant zombie (D:8)
  10 gnolls
  43 river rats
  6 adders
  2 shadow imps
  4 oozes
  2 adder skeletons
  A dart slug (D:2)
  10 giant geckos
  26 orcs
  6 giant cockroaches
  6 goblins
  4 hobgoblins
  2 jackals (D:5)
  12 kobolds
  7 quokkas
  A ball python (D:3)
  5 bats
  A giant gecko skeleton (D:5)
  5 giant newts
  A jackal skeleton (D:7)
  A quokka skeleton (D:9)
  9 rats
  3 plants
475 creatures vanquished.

Vanquished Creatures (others)
  A black mamba (Lair:6)
  A spiny frog (Lair:4)
  A slave (D:8)
  A black bear (D:8)
  6 centaurs
  2 ogres (D:8)
  A giant frog (Lair:4)
  An orc priest (D:8)
  An orc wizard (D:8)
  4 orcs (D:8)
  11 fungi
  6 plants
  11 toadstools (Lair:7)
47 creatures vanquished.

Grand Total: 522 creatures vanquished

Notes
Turn   | Place    | Note
--------------------------------------------------------------
     0 | D:1      | magog001 the Gargoyle Fighter began the quest for the Orb.
     0 | D:1      | Reached XP level 1. HP: 14/14 MP: 1/1
     6 | D:1      | Noticed a basilisk
     6 | D:1      | Noticed a giant leech
     6 | D:1      | Noticed a queen ant
     6 | D:1      | Noticed a fire giant
   116 | D:1      | Reached XP level 2. HP: 18/19 MP: 2/2
   298 | D:1      | Reached XP level 3. HP: 23/23 MP: 3/3
   489 | D:1      | Reached skill level 1 in Stealth
  1026 | D:2      | Found a shadowy altar of Dithmenos.
  1138 | D:2      | Reached skill level 4 in Shields
  1138 | D:2      | Reached XP level 4. HP: 22/29 MP: 4/4
  1602 | D:3      | Reached XP level 5. HP: 8/33 MP: 5/5
  1992 | D:3      | Noticed Ijyb
  2021 | D:3      | Killed Ijyb
  2152 | D:3      | Found an ancient bone altar of Kikubaaqudgha.
  2485 | D:4      | HP: 1/33 [orc wizard/magic dart (11)]
  2487 | D:4      | Reached XP level 6. HP: 2/39 MP: 6/6
  3064 | D:5      | Entered Level 5 of the Dungeon
  3065 | D:5      | Noticed a troll
  3076 | D:5      | Killed a troll
  3076 | D:5      | Reached skill level 5 in Armour
  3076 | D:5      | Reached skill level 5 in Shields
  3076 | D:5      | Reached XP level 7. HP: 20/44 MP: 7/7
  3346 | D:5      | HP: 2/44 [centaur/arrow (9)]
  3352 | D:5      | Reached skill level 5 in Fighting
  3352 | D:5      | Reached skill level 6 in Shields
  3370 | D:5      | Reached XP level 8. HP: 14/49 MP: 8/8
  3939 | D:5      | Found a bloodstained altar of Trog.
  3942 | D:5      | Found a shimmering altar of Xom.
  3945 | D:5      | Found a burning altar of Makhleb.
  4195 | D:6      | Reached skill level 7 in Shields
  4557 | D:6      | Found a staircase to the Ecumenical Temple.
  4668 | Temple   | Entered the Ecumenical Temple
  4702 | Temple   | Became a worshipper of Nemelex Xobeh the Trickster
  4803 | D:6      | Received a gift from Nemelex Xobeh
  4859 | D:7      | Found a glowing silver altar of Zin.
  4974 | D:7      | Reached skill level 5 in Maces & Flails
  5102 | D:7      | Reached XP level 9. HP: 55/55 MP: 9/9
  5295 | D:7      | Reached skill level 8 in Shields
  5301 | D:7      | Gained mutation: You have large cloven feet. [mutagenic meat]
  5305 | D:7      | Gained mutation: Armour fits poorly on your strangely shaped body. [mutagenic meat]
  5306 | D:7      | Gained mutation: Your muscles are strong. (Str +2) [mutagenic meat]
  5307 | D:7      | Gained mutation: You occasionally shout uncontrollably at your foes. [mutagenic meat]
  5308 | D:7      | Gained mutation: You expend magic power (3 MP) to strengthen your wands. [mutagenic meat]
  5309 | D:7      | Lost mutation: Armour fits poorly on your strangely shaped body. [mutagenic meat]
  5874 | D:8      | Noticed Pikel
  5906 | D:8      | Killed Pikel
  5906 | D:8      | Reached skill level 5 in Stealth
  5906 | D:8      | Reached skill level 9 in Shields
  5987 | D:8      | Noticed a troll
  6001 | D:8      | Killed a troll
  6016 | D:8      | Received a gift from Nemelex Xobeh
  6050 | D:8      | Noticed magog001's ghost (novice GrFi)
  6243 | D:8      | Killed magog001's ghost
  6243 | D:8      | Reached skill level 10 in Shields
  6243 | D:8      | Reached XP level 10. HP: 55/61 MP: 10/10
  6266 | D:8      | Reached * piety under Nemelex Xobeh
  7601 | D:9      | Found a radiant altar of Vehumet.
  7923 | D:9      | Reached skill level 11 in Shields
  8017 | D:9      | Got a faintly glowing plate armour
  8034 | D:9      | Identified the +7 plate armour of Toajaroa {+Fly rC+ Str+2} (You found it on level 9 of the Dungeon)
  8057 | D:9      | Received a gift from Nemelex Xobeh
  8110 | D:9      | Found an iron altar of Okawaru.
  8299 | D:9      | Found a staircase to the Lair.
  8520 | D:9      | Reached XP level 11. HP: 55/68 MP: 9/11
  8640 | D:9      | Reached ** piety under Nemelex Xobeh
  9139 | D:9      | Identified a scroll of acquirement
  9151 | D:9      | Gained mutation: You are agile. (Dex +2) [potion of beneficial mutation]
  9205 | Lair:1   | Entered Level 1 of the Lair of Beasts
  9244 | Lair:1   | Received a gift from Nemelex Xobeh
  9273 | Lair:1   | Reached skill level 1 in Evocations
  9654 | Lair:1   | Reached skill level 12 in Shields
 10136 | Lair:1   | Received a gift from Nemelex Xobeh
 10231 | Lair:2   | Reached *** piety under Nemelex Xobeh
 10675 | Lair:2   | Reached skill level 13 in Shields
 10867 | Lair:2   | Reached XP level 12. HP: 48/75 MP: 12/12
 11000 | Lair:2   | Received a gift from Nemelex Xobeh
 11466 | Lair:3   | Reached skill level 14 in Shields
 11622 | Lair:3   | Noticed a six-headed hydra
 11636 | Lair:3   | Killed a six-headed hydra
 11736 | Lair:3   | Reached **** piety under Nemelex Xobeh
 12321 | Lair:4   | Received a gift from Nemelex Xobeh
 12453 | Lair:4   | Found a sparkling altar of Nemelex Xobeh.
 13173 | Lair:5   | Found a staircase to the Snake Pit.
 13239 | Lair:5   | Reached skill level 15 in Shields
 13301 | Lair:5   | Reached skill level 10 in Maces & Flails
 13301 | Lair:5   | Reached XP level 13. HP: 63/80 MP: 13/13
 13416 | Lair:5   | Received a gift from Nemelex Xobeh
 13779 | Lair:5   | Received a gift from Nemelex Xobeh
 14126 | Lair:6   | Reached ***** piety under Nemelex Xobeh
 14146 | Lair:6   | Received a gift from Nemelex Xobeh
 14238 | Lair:6   | Lost mutation: Your muscles are strong. (Str +2) [potion of mutation]
 14238 | Lair:6   | Gained mutation: You are somewhat resistant to further mutation. [potion of mutation]
 14238 | Lair:6   | Gained mutation: Your natural rate of healing is unusually fast. [potion of mutation]
 14325 | Lair:6   | Found a staircase to the Shoals.
 14374 | Lair:6   | Found a staircase to the Slime Pits.
 14615 | Lair:6   | Got a polished plate armour
 14638 | Lair:6   | Identified the +5 plate armour of Trog's Displeasure {rElec Regen+ Dex+5} (You found it on level 6 of the Lair of Beasts)
 14940 | Lair:7   | Received a gift from Nemelex Xobeh
 15195 | Lair:7   | Reached skill level 16 in Shields
 15309 | Lair:7   | Noticed a dire elephant
 15358 | Lair:7   | Killed a dire elephant
 15915 | Lair:7   | Found an iron altar of Okawaru.
 15989 | Lair:8   | Entered Level 8 of the Lair of Beasts
 16082 | Lair:8   | Reached skill level 10 in Fighting
 16082 | Lair:8   | Gained mutation: Your large and strong wings let you fly indefinitely. [Gargoyle growth]
 16082 | Lair:8   | Reached XP level 14. HP: 79/88 MP: 14/14
 16202 | Lair:8   | Noticed pedritolo's ghost (journeyman VSCK)
 16254 | Lair:8   | Killed pedritolo's ghost
 16266 | Lair:8   | Slain by a death yak

Skill      XL: |  1  2  3  4  5  6  7  8  9 10 11 12 13 |
---------------+----------------------------------------+-----
Stealth        | 1 2 3 4 5 6 7 8 9 |  9.4
Shields        | 4 5 6 7 10 11 13 15 16 | 16.8
Armour         | 4 5 6 7 8 9 |  9.9
Fighting       | 4 5 6 7 8 9 10 | 10.2
Maces & Flails | 3 4 5 6 7 8 10 11 | 11.2
Evocations     | 1 |  1.2

Action                   |  1- 3 |  4- 6 |  7- 9 | 10-12 | 13-15 || total
-------------------------+-------+-------+-------+-------+-------++-------
Melee: Flail             |   187 |   198 |   358 |  1112 |   692 ||  2547
       Kick              |       |       |    48 |   387 |   266 ||   701
Throw: Tomahawk          |       |       |     2 |       |       ||     2
 Abil: Evoke Flight      |       |       |       |       |     3 ||     3
Evoke: Wand              |       |     2 |       |    12 |     1 ||    15
       Deck              |       |       |       |     1 |       ||     1
  Use: Potion            |       |     4 |     2 |     5 |    11 ||    22
       Scroll            |       |     9 |     1 |    12 |     2 ||    24
  Eat: Chunk             |     1 |     2 |    13 |    12 |       ||    28
       Meat ration       |       |     1 |     1 |     1 |       ||     3
       Beef jerky        |       |       |     1 |     1 |     4 ||     6
       Royal jelly       |       |       |       |     1 |       ||     1
       Pizza             |       |       |       |     1 |       ||     1
       Fruit             |       |       |       |       |     4 ||     4
       Bread ration      |       |       |       |       |     1 ||     1
Armor: Scale mail        |   146 |   151 |    24 |       |       ||   321
       Plate armour      |       |       |   149 |   548 |   257 ||   954
       Skin              |       |       |       |     6 |    27 ||    33
Dodge: Dodged            |    76 |    79 |    56 |   229 |    97 ||   537
Block: Shield            |   109 |   164 |   333 |  1377 |   824 ||  2807
       Reflection        |       |       |     7 |    14 |    22 ||    43
